 Dungeon Crawl Stone Soup version 0.27-a0-732-ga892ba84f6 (webtiles) character file.

Game seed: 7626310748253644070

410 Lanoc the Magician (level 6, -1/40 HPs)
             Began as a Djinni Conjurer on Mar 23, 2021.
             Was a Plaything of Xom.
             Shot with an arrow by a centaur (3 damage)
             ... on level 4 of the Dungeon.
             The game lasted 00:04:26 (4336 turns).

Lanoc the Magician (Djinni Conjurer)                Turns: 4336, Time: 00:04:27

Health: -1/40      AC:  2    Str:  6    XL:     6   Next: 89%
Magic:  0/0        EV: 13    Int: 21    God:    Xom [..*...]
Gold:   127        SH:  0    Dex: 12    Spells: 0/16 levels left

rFire    + + +     SeeInvis .   (no weapon)
rCold    . . .     Faith    .   (no shield)
rNeg     . . .     Spirit   .   a - +0 robe
rPois    ∞         Reflect  .   (no helmet)
rElec    .         Harm     .   d - scarf {rC+ rF+}
rCorr    .         Rampage  .   (no gloves)
Will     .....                  (boots unavailable)
Stlth    ++........             (no amulet)
HPRegen  0.13/turn              (no ring)
MPRegen  0.00/turn              (no ring)

@: flying
A: fire resistance 2, cold vulnerability 1, float, innate caster, hp casting,
extra vitality 1
a: Renounce Religion


You were on level 4 of the Dungeon.
You worshipped Xom.
You were a toy of Xom.
You visited 1 branch of the dungeon, and saw 4 of its levels.

You collected 127 gold pieces.

Inventory:

Armour
 a - a +0 robe (worn)
 d - a scarf of resistance (worn)
Wands
 k - a wand of random effects (12)
Scrolls
 b - a scroll of noise {unknown}
 c - a scroll of silence {unknown}
 e - 4 scrolls of teleportation {unknown}
 g - 3 scrolls of identify {unknown}
 h - a scroll of immolation {unknown}
 i - a scroll of summoning {unknown}
Potions
 f - 2 potions of curing
 j - a potion of invisibility {unknown}
 l - a potion of degeneration {unknown}
 m - a potion of heal wounds {unknown}
 o - 2 potions of cancellation {unknown}


   Skills:
 + Level 4.8 Dodging
 - Level 1.5 Stealth
 * Level 5.9 Spellcasting


You couldn't memorise any spells.
You knew the following spells:

 Your Spells              Type           Power      Damage    Failure   Level
a - Magic Dart            Conj           100%       1d8       1%          1
b - Searing Ray           Conj           62%        3d5       1%          2
c - Dazzling Flash        Conj/Hex       62%        N/A       2%          3
d - Fulminant Prism       Conj/Hex       15%        3d11      9%          4
e - Iskenderun's Mystic   Conj/Tloc      31%        2d8       9%          4
f - Corona                Hex            34%        N/A       1%          1
g - Call Imp              Summ           31%        N/A       1%          2
Your spell library was empty.

Dungeon Overview and Level Annotations

Branches:
Dungeon (4/15)
 Temple: D:4-7

Altars:
Makhleb
Xom
Zin


Innate Abilities, Weirdness & Mutations

You are immune to poison.
Your flesh is very heat resistant. (rF++)
You are vulnerable to cold. (rC-)
You float through the air rather than walking.
You learn spells naturally, not from books.
Your magical power is your life essence.
You have superior vitality. (+4 HP)


Message History

Aiming: Magic Dart (safe; 1% risk of failure)
Press: ? - help, Shift-Dir - straight line, f/p - adder
Aim: an adder (almost dead, 0% to evade)
The magic dart hits the adder.
You kill the adder!
The centaur shouts!
The centaur wields a +0 shortbow.
The centaur shoots an arrow.
The arrow hits you!
Casting: Magic Dart (safe; 1% risk of failure)
Confirm with . or Enter, or press ? or * to list all spells.
Aiming: Magic Dart (safe; 1% risk of failure)
Press: ? - help, Shift-Dir - straight line, f - centaur
Aim: a centaur, wielding a +0 shortbow and quivering arrows (0% to evade)
The magic dart hits the centaur.
The centaur is lightly wounded.
The centaur shoots an arrow.
The arrow hits you!
An iguana comes into view.
Casting: Magic Dart (safe; 1% risk of failure)
Confirm with . or Enter, or press ? or * to list all spells.
Aiming: Magic Dart (safe; 1% risk of failure)
Press: ? - help, Shift-Dir - straight line, f/p - centaur
Aim: a centaur, wielding a +0 shortbow and quivering arrows (lightly wounded, 0% to evade)
The magic dart hits the centaur!
The centaur is heavily wounded.
The centaur shoots an arrow.
The arrow closely misses you.
The centaur shoots an arrow.
The arrow barely misses you.
You are now a favourite toy of Xom.
The centaur shoots an arrow.
The arrow misses you.
The centaur shoots an arrow.
The arrow hits you.
* * * LOW HITPOINT WARNING * * *
The centaur shoots an arrow.
The arrow hits you.
* * * LOW HITPOINT WARNING * * *
You see here a +0 helmet.
A centaur opens the door.
You are now a toy of Xom.
The centaur shoots an arrow.
The arrow hits you!
* * * LOW HITPOINT WARNING * * *
The centaur shoots an arrow.
The arrow hits you.
You die...
Xom chortles!

### #.. #.. ########## #..
.........###############..
.......)))................
#########@#############...
#..# ##... #######.######
#.... .............# #..##
#######.####l# #..#
........c..#.# #..#
.######.##.#.# #..#
#.##.#.# #..# #.##.#[#
#..#


You could see a centaur.

Vanquished Creatures
  Sigmund (D:3)
  2 worker ants (D:4)
  Terence (D:3)
  9 adders
  An adder skeleton (D:3)
  A worm (D:2)
  2 dart slugs (D:2)
  8 orcs
  3 giant cockroaches
  9 goblins
  10 hobgoblins
  7 oozes
  3 quokkas
  5 ball pythons
  6 bats
  7 frilled lizards
  7 kobolds
  8 rats
90 creatures vanquished.

Notes
Turn   | Place    | Note
-------+----------+-------------------------------------------
     0 | D:1      | Lanoc the Djinni Conjurer began the quest for the Orb.
     0 | D:1      | Reached XP level 1. HP: 15/15 MP: 0/0
   268 | D:1      | Reached XP level 2. HP: 15/21 MP: 0/0
   503 | D:1      | Reached skill level 4 in Spellcasting
   806 | D:1      | Reached XP level 3. HP: 23/25 MP: 0/0
   806 | D:1      | Learned a level 1 spell: Corona
  1785 | D:2      | Reached XP level 4. HP: 29/31 MP: 0/0
  2611 | D:3      | Reached XP level 5. HP: 31/35 MP: 0/0
  2611 | D:3      | Learned a level 2 spell: Call Imp
  2872 | D:3      | Noticed Sigmund
  2877 | D:3      | Killed Sigmund
  2878 | D:3      | Reached skill level 5 in Spellcasting
  2878 | D:3      | Reached XP level 6. HP: 33/40 MP: 0/0
  2963 | D:3      | Noticed Terence
  2971 | D:3      | Killed Terence
  3702 | D:3      | Found a shimmering altar of Xom.
  3814 | D:3      | Became a worshipper of Xom of Chaos
  3843 | D:4      | XOM: noise
  4295 | D:4      | Found a burning altar of Makhleb.
  4308 | D:4      | Found a glowing silver altar of Zin.
  4308 | D:4      | Noticed an angel
  4308 | D:4      | Noticed a green death
  4335 | D:4      | HP: 2/40 [centaur/arrow (9)]
  4336 | D:4      | Shot with an arrow by a centaur

Illustrated notes

Levels and vault maps discovered:
D:1:      co_arrival_random_square_maze, layout_basic, hex_large,
          minmay_crystal_water, minmay_misc_feat_room,
          chequers_serial_rivers_micro_a, chequers_serial_rivers_micro_d
D:2:      layout_basic
D:3:      layout_basic, st_stairs_10, tgw_xom, uniq_terence, uniq_sigmund
D:4:      layout_basic, grunt_temple_overflow_order_and_chaos_2

Skill      XL: |  1  2  3  4  5 |
---------------+----------------+-----
Spellcasting   | 4 5 |  5.9
Dodging        | 3 4 |  4.8
Stealth        | |  1.5

Action                   |  1- 3 |  4- 6 || total
-------------------------+-------+-------++-------
 Cast: Magic Dart        |    76 |    94 ||   170
       Searing Ray       |     2 |     9 ||    11
Dodge: Dodged            |     5 |    12 ||    17

Table legend: (Time is in decaauts)
 A = Elapsed time spent in this place.
 B = Non-inter-level travel time spent in this place.
 C = Inter-level travel time spent in this place.
 D = Time resting spent in this place.
 E = Time spent auto-exploring this place.
 F = Levels seen in this place.
 G = Mean time per level.
                   A        B        C        D        E       F      G
               +--------+--------+--------+--------+--------+-----+--------+
         Total |   4334 |   4285 |     49 |      0 |   3925 |   4 | 1083.5 |
       Dungeon |   4334 |   4285 |     49 |      0 |   3925 |   4 | 1083.5 |
               +--------+--------+--------+--------+--------+-----+--------+

Top non-repeatable levels by time:
     D:3: 1413 daAuts
     D:1: 1339 daAuts
     D:2: 1088 daAuts
     D:4: 492 daAuts
